 Dungeon Crawl Stone Soup version 0.30.1-11-g7821555f0a (webtiles) character file.

Game seed: 3208321016645159708

72 fireball365 the Chopper (level 4, -2/40 HPs)
             Began as a Hill Orc Fighter on Dec 7, 2023.
             Slain by Terence
             ... wielding a +0 flail
              (5 damage)
             ... on level 2 of the Dungeon.
             The game lasted 00:02:41 (1460 turns).

fireball365 the Chopper (Hill Orc Fighter)          Turns: 1460, Time: 00:02:41

Health: -2/40      AC: 13    Str: 20    XL:     4   Next: 26%
Magic:  4/4        EV:  7    Int:  8    God:
Gold:   135        SH:  4    Dex: 10    Spells: 3/3 levels left

rFire   . . .        a - +0 war axe
rCold   . . .        c - +0 buckler
rNeg    . . .        i - +3 chain mail of the Onion {Stlth+}
rPois   .            (no helmet)
rElec   .            j - +0 cloak
rCorr   .            (no gloves)
SInv    .            (no boots)
Will    .....        (no amulet) Stlth
                     (no ring)
HPRegen 0.26/turn    (no ring)
MPRegen 0.09/turn

%: no passive effects
@: studying Shields
A: no striking features
a: no special abilities


You were on level 2 of the Dungeon.
You visited 1 branch of the dungeon, and saw 2 of its levels.

You collected 135 gold pieces.

Inventory:

Hand Weapons
 a - a +0 war axe (weapon)
Armour
 b - a +0 scale mail
 c - a +0 buckler (worn)
 i - the +3 chain mail of the Onion (worn) {Stlth+}
   (You found it on level 2 of the Dungeon)

   Stlth:     It makes you more stealthy.
 j - a +0 cloak (worn)
Scrolls
 e - 4 scrolls of identify {unknown}
 f - a scroll of poison {unknown}
 g - a scroll of immolation {unknown}
 l - a scroll of magic mapping {unknown}
Potions
 d - 3 potions of might
 h - a potion of mutation {unknown}
 k - a potion of resistance {unknown}


   Skills:
 + Level 4.1 Fighting
 + Level 4.2 Axes
 + Level 3.8 Armour
 + Level 0.1 Dodging
 + Level 3.7 Shields


You had 3 spell levels left.
You didn't know any spells.
Your spell library contained the following spells:

 Spells                   Type           Power      Damage    Failure   Level
 Petrify                  Tmut/Erth      0%         N/A       100%        4
 Metabolic Englaciation   Hex/Ice        0%         N/A       100%        5
 Statue Form              Tmut/Erth      0%         N/A       100%        6
 Borgnjor's Revivificati  Necr           0%         N/A       100%        8
 Necromutation            Tmut/Necr      0%         N/A       100%        8
 Death's Door             Necr           0%         N/A       100%        9


Dungeon Overview and Level Annotations

Branches:
Dungeon (2/15)

Altars:

Shops:
D:1 *

Annotations:
D:2 Terence


Message History

You escape the ball python's grasp.
You block the ball python's attack. The ball python grabs you.
The ball python constricts you.
The ball python bites you but does no damage.
The ball python constricts you.
You slash the ball python!
You kill the ball python!
You see here a ball python corpse.
You now have 129 gold pieces (gained 6).
You now have 135 gold pieces (gained 6).
Terence the Incautious comes into view.
He is wielding a +0 flail.
Terence shouts!
You hit Terence but do no damage. Terence hits you but does no damage.
Terence hits you with a +0 flail.
You hit Terence but do no damage. Terence hits you with a +0 flail.
You barely miss Terence. You block Terence's attack.
You hit Terence but do no damage. Terence hits you with a +0 flail.
You completely miss Terence. Terence hits you but does no damage. x2
You barely miss Terence. Terence hits you but does no damage.
You barely miss Terence. Terence hits you with a +0 flail.
You closely miss Terence. Terence hits you with a +0 flail!
You block Terence's attack.
You barely miss Terence. Terence barely misses you.
You barely miss Terence. Terence hits you with a +0 flail.
* * * LOW HITPOINT WARNING * * *
You slash Terence!
Terence is heavily wounded.
You block Terence's attack. Terence barely misses you.
You hit Terence but do no damage.
Terence is heavily wounded.
Terence hits you with a +0 flail.
* * * LOW HITPOINT WARNING * * *
You barely miss Terence.
Terence is heavily wounded.
Terence hits you with a +0 flail.
* * * LOW HITPOINT WARNING * * *
You hit Terence.
Terence is severely wounded.
Terence closely misses you. Terence hits you with a +0 flail.
You die...

#.# #.# #.# #.# #..# #.#
#..# #.# #..# #@# #..#
#########@# ####..###
######.........# .........
#..............# ##.....
#####..........# #......
#..........# #...###
#........#.# #...###
#.......†#.### .####......
#........#... ...........
#.####.#.#.#####.####...###


You could see Terence.

Vanquished Creatures
  Jessica (D:2)
  A dart slug (D:1)
  4 ball pythons
  7 bats
  4 endoplasms
  2 giant cockroaches (D:1)
  4 goblins
  7 hobgoblins
  5 kobolds
  A frilled lizard (D:1)
  2 rats
38 creatures vanquished.

Notes
Turn   | Place    | Note
-------+----------+-------------------------------------------
     0 | D:1      | fireball365 the Hill Orc Fighter began the quest for the
                  | Orb.
     0 | D:1      | Reached XP level 1. HP: 19/19 MP: 1/1
    22 | D:1      | Found Ninek's General Store.
   150 | D:1      | Reached XP level 2. HP: 27/27 MP: 2/2
   340 | D:1      | Reached XP level 3. HP: 33/33 MP: 3/3
   738 | D:2      | Noticed Jessica
   744 | D:2      | Killed Jessica
   745 | D:2      | Reached XP level 4. HP: 27/40 MP: 4/4
   746 | D:2      | Identified the +3 chain mail of the Onion {Stlth+}
  1444 | D:2      | Noticed Terence
  1459 | D:2      | HP: 2/40 [Terence/+0 flail (6)]
  1460 | D:2      | Slain by Terence

Illustrated notes

Levels and vault maps discovered:
D:1:      scummos_arrival_forest, layout_basic, serial_shops,
          nicolae_shop_just_a_little_nook, minmay_tromino_v4_c
D:2:      layout_basic, uniq_terence, uniq_jessica

Skill      XL: |  1  2  3 |
---------------+----------+-----
Fighting       | 4 |  4.1
Axes           | 3 4 |  4.2
Armour         | |  3.8
Dodging        | |  0.1
Shields        | |  3.7

Action                     |  1- 3 |  4- 6 || total
---------------------------+-------+-------++-------
  Melee: War axe           |    71 |    28 ||    99
 Armour: Scale mail        |    61 |       ||    61
         Chain mail        |       |    35 ||    35
  Dodge: Dodged            |    43 |    15 ||    58
  Block: Buckler           |    27 |    15 ||    42
